 Dungeon Crawl Stone Soup version 0.20.1-1-g8b1a95d (webtiles) character file.

447 QuCean the Shield-Bearer (level 6, -2/53 HPs)
             Began as a Minotaur Fighter on Oct 18, 2017.
             Slain by an orc wizard
             ... wielding a +0 dagger
              (3 damage)
             ... on level 4 of the Dungeon.
             The game lasted 00:09:54 (3710 turns).

QuCean the Shield-Bearer (Minotaur Fighter)         Turns: 3710, Time: 00:09:56

Health: -2/53      AC:  7    Str: 23    XL:     6   Next: 73%
Magic:  5/5        EV:  8    Int:  5    God:
Gold:   188        SH: 11    Dex:  9    Spells: 5/5 levels left

rFire    . . .     SeeInvis .   a - +0 war axe
rCold    . . .     Gourm    .   c - +1 shield
rNeg     . . .     Faith    .   b - +0 scale mail
rPois    .         Spirit   .   (helmet restricted)
rElec    .         Reflect  .   (no cloak)
rCorr    .         Harm     .   (no gloves)
MR       .....                  (no boots)
Stlth    ..........             (no amulet)
Regen    0.2/turn               (no ring)
MPRegen  0.1/turn               (no ring)

@: no status effects
A: retaliatory headbutt, horns 2
a: no special abilities


You were on level 4 of the Dungeon.
You were not hungry.

You visited 1 branch of the dungeon, and saw 4 of its levels.
You also visited: Sewer.

You collected 188 gold pieces.

Inventory:

Hand Weapons
 a - a +0 war axe (weapon)
Armour
 b - a +0 scale mail (worn)
 c - a +1 shield (worn)
Scrolls
 j - a scroll of immolation {unknown}
 l - a scroll of recharging
 m - a scroll of enchant armour
 p - a scroll of remove curse
 t - 3 scrolls of identify {unknown}
 u - a scroll of magic mapping {unknown}
 x - a scroll of blinking {unknown}
Potions
 d - 2 potions of might
 e - a potion of invisibility {unknown}
 g - 2 potions of lignification {unknown}
 h - 2 potions of curing {unknown}
 i - 2 potions of agility {unknown}
 q - a potion of heal wounds {unknown}
 r - a potion of mutation {unknown}
 s - a potion of resistance {unknown}
 v - 2 potions of flight {unknown}
Books
 w - a book of Conjurations

   Spells                             Type                      Level
   a - Magic Dart                     Conjuration                  1
   b - Searing Ray                    Conjuration                  2
   c - Dazzling Spray                 Conjuration/Hexes            3
   d - Fulminant Prism                Conjuration/Hexes            4
   e - Force Lance                    Conjuration/Translocation    4
   f - Iskenderun's Mystic Blast      Conjuration                  4
Comestibles
 f - 6 bread rations
 k - 5 fruits
 o - a royal jelly


   Skills:
 + Level 4.7 Fighting
 + Level 4.7 Axes
 + Level 5.5 Armour
 + Level 1.3 Dodging
 + Level 1.0 Stealth
 + Level 5.7 Shields


You had 5 spell levels left.
You didn't know any spells.

Dungeon Overview and Level Annotations

Branches:
Dungeon (4/15)
 Temple: D:4-7

Altars:
Gozag


Innate Abilities, Weirdness & Mutations

You reflexively headbutt those who attack you in melee.
You have a pair of horns on your head.


Message History

You kill the orc!
You miss something. Your headbutt misses something. Something hits you.
* * * LOW HITPOINT WARNING * * *
You closely miss something.
You hear some strange, mumbled words.
Something tries to affect you, but you resist.
Something hits you.
* * * LOW HITPOINT WARNING * * *
You miss something. You headbutt something.
An orc wizard appears from thin air!
Reactivating autopickup.
The orc wizard points at you and mumbles some strange words.
The puff of flame misses you.
You hit the orc wizard but do no damage.
You headbutt the orc wizard.
The orc wizard is moderately wounded.
The orc wizard hits you with a dagger.
* * * LOW HITPOINT WARNING * * *
The orc wizard hits you with a dagger.
You die...

#.#.##.......#
...
#......#...#.#
##.
########...# .
#....## .
###.<# #..#
#..###.#
####)..)..#
#..@o†###.#
#.##### #. #.
#. ##


You could see an orc wizard.

Vanquished Creatures
  2 bullfrogs (Sewer)
  An orc wizard (D:4)
  An orc priest (D:4)
  Jessica (D:2)
  2 worker ants (D:4)
  Robin (D:2)
  6 adders
  3 worms
  A dart slug (D:1)
  6 leopard geckos
  5 orcs
  4 ball pythons
  6 bats
  4 giant cockroaches (Sewer)
  15 goblins
  10 hobgoblins
  12 jackals
  11 kobolds
  2 quokkas
  10 frilled lizards
  7 rats
110 creatures vanquished.

Notes
Turn   | Place    | Note
-------+----------+-------------------------------------------
     0 | D:1      | QuCean the Minotaur Fighter began the quest for the Orb.
     0 | D:1      | Reached XP level 1. HP: 19/19 MP: 0/0
    63 | D:1      | Reached XP level 2. HP: 27/27 MP: 1/1
   882 | D:2      | Reached XP level 3. HP: 31/33 MP: 2/2
   982 | D:2      | Found an opulent altar of Gozag.
   991 | D:2      | Noticed Robin
  1014 | D:2      | Reached XP level 4. HP: 6/40 MP: 3/3
  1031 | D:2      | HP: 2/40 [goblin/stone[Robin] (4)]
  1037 | D:3      | HP: 1/40 [jackal (2)]
  1346 | D:2      | Killed Robin
  1389 | D:2      | Noticed Jessica
  1393 | D:2      | Killed Jessica
  1705 | D:2      | Reached skill level 5 in Shields
  1988 | D:3      | Reached XP level 5. HP: 46/46 MP: 4/4
  2356 | D:4      | Found a glowing drain.
  2374 | D:4      | Reached skill level 5 in Armour
  2668 | Sewer    | Entered a sewer
  3022 | Sewer    | Reached XP level 6. HP: 25/53 MP: 5/5
  3271 | Sewer    | Reached skill level 1 in Dodging
  3691 | D:4      | Reached skill level 1 in Stealth
  3707 | D:4      | HP: 2/53 [something (1)]
  3710 | D:4      | Slain by an orc wizard

Skill      XL: |  1  2  3  4  5  6 |
---------------+-------------------+-----
Shields        | 4 5 |  5.7
Armour         | 4 5 |  5.5
Fighting       | 4 |  4.7
Axes           | 3 4 |  4.7
Dodging        | 1 |  1.3
Stealth        | 1 |  1.0

Action                   |  1- 3 |  4- 6 || total
-------------------------+-------+-------++-------
Melee: War axe           |    82 |   170 ||   252
       Headbutt          |    13 |    26 ||    39
  Use: Scroll            |       |     5 ||     5
  Eat: Chunk             |       |     7 ||     7
       Bread ration      |       |     1 ||     1
Armor: Scale mail        |    64 |    88 ||   152
Dodge: Dodged            |    34 |    72 ||   106
Block: Shield            |    63 |   135 ||   198
